 Dungeon Crawl Stone Soup version 0.23-a0-644-gb60d84b (webtiles) character file.

39 Borgoz the Ruffian (level 3, -3/30 HPs)
             Began as a Ghoul Gladiator on Jan 1, 2019.
             Slain by a phantom (9 damage)
             ... on level 2 of the Dungeon.
             The game lasted 00:01:24 (867 turns).

Borgoz the Ruffian (Ghoul Gladiator)                 Turns: 867, Time: 00:01:25

Health: -3/30      AC:  4    Str: 17    XL:     3   Next: 47%
Magic:  3/3        EV: 12    Int:  3    God:
Gold:   106        SH:  0    Dex: 11    Spells: 3/3 levels left

rFire    . . .     SeeInvis .     - Unarmed
rCold    + . .     Gourm    .   (no shield)
rNeg     + + +     Faith    .   a - +0 leather armour
rPois    ∞         Spirit   .   b - +0 helmet
rElec    .         Reflect  .   (no cloak)
rCorr    .         Harm     .   (no gloves)
MR       .....                  (no boots)
Stlth    +.........             (no amulet)
HPRegen  0.00/turn              (no ring)
MPRegen  0.08/turn              (no ring)

@: rotting
A: rotting body, claws 1, carnivore, cold resistance 1, negative energy
resistance 3, inhibited regeneration, torment resistance, unbreathing
a: no special abilities


You were on level 2 of the Dungeon.
You were not hungry.

You visited 1 branch of the dungeon, and saw 2 of its levels.

You collected 106 gold pieces.

Inventory:

Missiles
 c - 3 throwing nets (quivered)
Armour
 a - a +0 leather armour (worn)
 b - a +0 helmet (worn)
Jewellery
 i - an uncursed ring of poison resistance {unknown}
 j - an uncursed amulet of faith {unknown}
 l - an uncursed ring of poison resistance {unknown}
Scrolls
 e - a scroll of remove curse {unknown}
 f - a scroll of identify {unknown}
 k - a scroll of teleportation {unknown}
Potions
 h - 2 potions of haste {unknown}
Comestibles
 d - 3 rations


   Skills:
 + Level 2.6 Fighting
 - Level 1.7 Throwing
 + Level 1.0 Armour
 + Level 3.0 Dodging
 + Level 3.6 Unarmed Combat
 + Level 0.8 Spellcasting


You had 3 spell levels left.
You didn't know any spells.
Your spell library was empty.

Dungeon Overview and Level Annotations

Branches:
Dungeon (2/15)

Altars:


Innate Abilities, Weirdness & Mutations

Your body is rotting away.
You thrive on raw meat.
You are immune to poison.
You have sharp fingernails.
You are carnivorous and can eat meat at any time.
Your flesh is cold resistant. (rC+)
You are immune to negative energy. (rN+++)
You do not regenerate when monsters are visible.
You are immune to unholy pain and torment.
You can survive without breathing.


Message History

You barely miss the phantom.
The phantom is moderately damaged.
The phantom barely misses you.
You claw the phantom!
The phantom is heavily damaged.
The phantom hits you.
You closely miss the phantom.
The phantom is heavily damaged.
The phantom hits you.
The phantom blinks!
You barely miss the phantom.
The phantom is heavily damaged.
The phantom hits you.
* * * LOW HITPOINT WARNING * * *
You closely miss the phantom.
The phantom is heavily damaged.
The phantom hits you but does no damage.
You barely miss the phantom.
The phantom is heavily damaged.
The phantom hits you!
You die...

..#.# ..#.# ### #.#.#
###.###.#.# .(.. #.#.#
########.###.#.########
#>.....................
#.....................
#.........@W......####
#....###.###......#######..
+... #.# #...............
#.. #.# #.......######.. ##
#.# #.....÷.# #.# #.......#
#.# #.#+###.# #.# #.# #$#
#.#


You could see a phantom.

Vanquished Creatures
  An adder (D:2)
  An ooze (D:1)
  A worm (D:2)
  2 giant cockroaches (D:1)
  A goblin (D:1)
  4 hobgoblins (D:1)
  6 jackals (D:1)
  A bat (D:2)
  2 frilled lizards (D:1)
  A kobold (D:1)
  A rat (D:2)
21 creatures vanquished.

Notes
Turn   | Place    | Note
-------+----------+-------------------------------------------
     0 | D:1      | Borgoz the Ghoul Gladiator began the quest for the Orb.
     0 | D:1      | Reached XP level 1. HP: 17/17 MP: 0/0
     6 | D:1      | Noticed a basilisk
     6 | D:1      | Noticed a worker ant
     6 | D:1      | Noticed a stone giant
   165 | D:1      | Reached XP level 2. HP: 25/25 MP: 1/1
   587 | D:1      | Reached XP level 3. HP: 12/30 MP: 2/2
   781 | D:2      | Noticed a phantom
   841 | D:2      | Reached skill level 1 in Armour
   867 | D:2      | Slain by a phantom

Vault maps used:
D:1:      onia_arrival_zoo_common
D:2:      first_ration

Skill      XL: |  1  2  3 |
---------------+----------+-----
Dodging        | 3 |  3.0
Armour         | 1 |  1.0
Fighting       | |  2.6
Throwing       | |  1.7
Unarmed Combat | |  3.6
Spellcasting   | |  0.8

Action                   || total
-------------------------++-------
Melee: Unarmed           ||    99
  Use: Potion            ||     1
  Eat: Chunk             ||     8
Armor: Leather armour    ||    21
Dodge: Dodged            ||    44

Table legend:
 A = Non-vault XP
 B = Vault XP
 C = Vault XP percentage of total XP
 D = Non-vault monster count
 E = Vault monster count
 F = Vault count percentage of total count
                 A         B        C        D         E       F
            +---------+---------+-------+---------+---------+-------
      Total |      57 |       0 |   0.0 |      21 |       0 |   0.0
            +---------+---------+-------+---------+---------+-------
        D:1 |      36 |       0 |   0.0 |      17 |       0 |   0.0
        D:2 |      21 |       0 |   0.0 |       4 |       0 |   0.0
            +---------+---------+-------+---------+---------+-------
